 Dungeon Crawl Stone Soup version 0.18.1-8-gdd0e5ea (webtiles) character file.

201713 Jerry the Warrior (level 18, -6/180 HPs)
             Began as a Minotaur Berserker on May 26, 2016.
             Was a High Priest of Trog.
             Mangled by a redback (8 damage)
             ... on level 4 of the Spider Nest on May 27, 2016.
             The game lasted 03:20:34 (38244 turns).

Jerry the Warrior (Minotaur Berserker)             Turns: 38244, Time: 03:20:36

Health: -6/180     AC: 28    Str: 27    XL:     18   Next: 31%
Magic:  17/17      EV:  9    Int: 12    God:    Trog [*****.]
Gold:   605        SH:  9    Dex: 13    Spells: 0 memorised, 17 levels left

rFire  . . .     SeeInvis +     l - +11 morningstar "Eos" {elec, -Tele rElec SInv}
rCold  + . .     Gourm    .     m - +2 plate armour of Pride {-Tele Int+5}
rNeg   . . .     Faith    .     H - +0 buckler
rPois  +         Spirit   .     S - +2 hat
rElec  +         Dismiss  .     q - +1 cloak
rCorr  .         Reflect  +     (no gloves)
SustAt .         Harm     .     U - +0 pair of boots
MR     ++++.     NoTele   +     R - +2 amulet of reflection
Stlth  ..........               B - ring of the Genius {Ice rPois MR+ Dex+3}
                                F - ring of protection from fire

@: lethally poisoned (-6 -> -7), exhausted, regenerating, slowed, very slow,
incredibly resistant to hostile enchantments, extremely unstealthy
A: retaliatory headbutt, horns 2
a: Berserk, Trog's Hand, Brothers in Arms, Burn Spellbooks, Renounce Religion


You were on level 4 of the Spider Nest.
You worshipped Trog.
Trog was extremely pleased with you.
You were very hungry.

You visited 6 branches of the dungeon, and saw 31 of its levels.
You visited the Abyss 2 times.
You also visited: Ice Cave.

You collected 2843 gold pieces.
You spent 2238 gold pieces at shops.

Inventory:

Hand Weapons
 l - the +11 morningstar "Eos" (weapon) {elec, -Tele rElec SInv}
   (You bought it in a shop on level 2 of the Orcish Mines)

   Occasionally, upon striking a foe, it will discharge some electrical energy
   and cause terrible harm.
   It insulates you from electricity.
   It lets you see invisible.
   It prevents most forms of teleportation.
 o - a +2 dire flail of protection
Armour
 m - the +2 plate armour of Pride (worn) {-Tele Int+5}
   (You bought it in a shop on level 2 of the Orcish Mines)

   It affects your intelligence (+5).
   It prevents most forms of teleportation.
 n - a +0 scale mail of cold resistance
 q - a +1 cloak (worn)
 H - a +0 buckler (worn)
 S - a +2 hat (worn)
 U - a +0 pair of boots (worn)
Jewellery
 u - a cursed -2 ring of dexterity
 v - an uncursed ring of sustain attributes
 B - the ring of the Genius (right hand) {Ice rPois MR+ Dex+3}
   (You bought it in a shop on level 10 of the Dungeon)

   [ring of ice]

   It enhances your ice magic, and weakens your fire magic.
   It affects your dexterity (+3).
   It makes you vulnerable to fire.
   It protects you from cold.
   It protects you from poison.
   It affects your resistance to hostile enchantments.
 F - a ring of protection from fire (left hand)
 R - a +2 amulet of reflection (around neck)
Wands
 E - a wand of disintegration (8/24)
 O - a wand of digging (10/24)
Scrolls
 b - 5 scrolls of fear
 c - 2 scrolls of silence
 w - 8 scrolls of remove curse
 x - 3 scrolls of identify
 z - 2 scrolls of summoning
 D - 2 scrolls of teleportation
 G - 2 scrolls of magic mapping
 M - 7 scrolls of enchant weapon
 N - 3 scrolls of fog
 T - a scroll of enchant armour
Potions
 e - 5 potions of flight
 f - 6 potions of invisibility
 g - 5 potions of curing
 i - 2 potions of ambrosia
 j - 2 potions of resistance
 p - 2 potions of berserk rage
 A - 3 potions of cure mutation
 J - 2 potions of cancellation
 K - 2 potions of haste
 Q - 2 potions of brilliance
Books
 a - the Volume of the Entourage
   (You found it on level 1 of the Elven Halls)

   Spells                             Type                      Level
   a - Summon Butterflies             Summoning                    1
   b - Call Imp                       Summoning                    2
   c - Summon Guardian Golem          Hexes/Summoning              3
   d - Call Canine Familiar           Summoning                    3
   e - Summon Hydra                   Summoning                    7
   Trog disapproves of the use of such an item.
 h - Sif Muna's Reference Book on Shifting Creation
   (You found it on level 2 of the Orcish Mines)

   Spells                             Type                      Level
   a - Passwall                       Transmutation/Earth          2
   b - Recall                         Summoning/Translocation      3
   c - Yara's Violent Unravelling     Hexes/Transmutation          5
   d - Summon Demon                   Summoning                    5
   e - Alistair's Intoxication        Transmutation/Poison         5
   Trog disapproves of the use of such an item.
 t - a book of Ice

   Spells                             Type                      Level
   a - Ice Form                       Ice/Transmutation            4
   b - Metabolic Englaciation         Hexes/Ice                    5
   c - Ozocubu's Refrigeration        Ice                          6
   d - Bolt of Cold                   Conjuration/Ice              6
   e - Freezing Cloud                 Conjuration/Ice/Air          6
   f - Simulacrum                     Ice/Necromancy               6
   Trog disapproves of the use of such an item.
 L - a book of Transfigurations

   Spells                             Type                      Level
   a - Irradiate                      Conjuration/Transmutation    5
   b - Statue Form                    Transmutation/Earth          6
   c - Hydra Form                     Transmutation                6
   d - Dragon Form                    Transmutation                7
   Trog disapproves of the use of such an item.
 W - a book of Summonings

   Spells                             Type                      Level
   a - Recall                         Summoning/Translocation      3
   b - Aura of Abjuration             Summoning                    5
   c - Summon Demon                   Summoning                    5
   d - Summon Forest                  Summoning/Translocation      5
   e - Summon Mana Viper              Hexes/Summoning              5
   f - Shadow Creatures               Summoning                    6
   Trog disapproves of the use of such an item.
 Y - a book of Maledictions

   Spells                             Type                      Level
   a - Corona                         Hexes                        1
   b - Ensorcelled Hibernation        Hexes/Ice                    2
   c - Confuse                        Hexes                        3
   d - Tukima's Dance                 Hexes                        3
   e - Dazzling Spray                 Conjuration/Hexes            3
   Trog disapproves of the use of such an item.
Miscellaneous
 X - a fan of gales
Comestibles
 d - 16 meat rations
 k - 2 chunks of flesh
 r - 3 beef jerkies
 s - 17 bread rations


   Skills:
 + Level 20.8 Fighting
 + Level 20.7 Maces & Flails
 + Level 20.6 Armour
 - Level 2.2 Dodging
 - Level 12.4 Shields


You had 17 spell levels left.
You didn't know any spells.

Dungeon Overview and Level Annotations

Branches:
Dungeon (15/15)            Temple (0/1) D:6            Lair (8/8) D:10
 Shoals (1/4) Lair:3       Spider (4/4) Lair:6        Slime (0/6) Lair:8
    Orc (2/2) D:11            Elf (1/3) Orc:2        Vaults (0/5) D:13
 Depths (0/5) D:15

Altars:
Fedhas
Gozag
Makhleb
Nemelex Xobeh
Pakellas
Ru
Sif Muna
Jiyva

Shops:
D:4 =   D:10 *   D:15 ?   Orc:2 (*:?[

Portals:
Hell: Lair:8
Pandemonium: Orc:2

Annotations:
Lair:7 exclusion: oklob plant


Innate Abilities, Weirdness & Mutations

You reflexively headbutt those who attack you in melee.
You have a pair of horns on your head.


Message History

You feel the effects of Trog's Hand fading.
You feel sick.
The redback bites you but does no damage. x2
The redback bites you!
* * * LOW HITPOINT WARNING * * *
The jumping spider leaps!
The wolf spider hits you!
* * * LOW HITPOINT WARNING * * *
The wolf spider barely misses you. The redback closely misses you.
You furiously retaliate!
You headbutt the redback! The redback bites you!
* * * LOW HITPOINT WARNING * * *
You block the redback's attack.
Read which item? (? for menu, Esc to quit)
As you read the scroll of fear, it crumbles to dust.
You assume a fearsome visage.
The orb spider looks frightened! x3
The jumping spider looks frightened!
The orb spider looks frightened!
The wolf spider looks frightened!
The redback looks frightened!
You feel sick.
The redback bites you but does no damage.
The redback barely misses you. The redback closely misses you.
You furiously retaliate!
You headbutt the redback! The redback bites you!
You die...

≈≈≈≈≈≈#.^#.^...#............
≈≈≈≈≈≈.....#^...^...........(
#≈≈≈≈≈≈....^....#.......^....
###≈≈≈≈...^.#......#....#...
#≈≈≈≈.....^.#.#....
##≈≈≈...........^# .
#≈≈≈...?#...^#^#...
#≈≈≈....#..^†..^...
#≈≈≈^.....#@s..#..
#≈≈≈....#.sss......
#≈≈≈..#.s..s(##....
≈≈≈≈#..^s..#ss ...
≈≈≈≈≈.^..≈.#..#. ..
.^....^^.(.. ^#^≈^# #. ^.
s#≈# .....


You could see a wolf spider (fleeing), 4 orb spiders, a jumping spider
(fleeing), a tarantella (berserk) and 3 redbacks.

Vanquished Creatures
  Rupert (Lair:4)
  The ghost of dracos369 the Unseen, an adept NaFi of Ashenzari (Spider:3)
  Kirke (D:15)
  2 tentacled starspawn (Abyss:2)
  Agnes (Elf:1)
  An azure jelly (Lair:8)
  Maud (Lair:8)
  Aizul (Spider:1)
  A ghost moth (Spider:2)
  4 emperor scorpions
  Louise (D:15)
  5 very ugly things (Abyss:3)
  A dire elephant (Lair:8)
  The ghost of Azru the Bludgeoner, a journeyman OgAK of Lugonu (Lair:3)
  A slime creature (D:15)
  A purple draconian (Abyss:2)
  Azrael (D:13)
  A spark wasp (Spider:2)
  3 ettins
  Josephine (Lair:7)
  A deep elf high priest (Elf:1)
  2 entropy weavers
  A great orb of eyes (Abyss:3)
  The ghost of bosm the Thaumaturge, a journeyman DsWz of Vehumet (Lair:2)
  Erica (Lair:2)
  16 hydras
  3 catoblepae
  A rakshasa (Abyss:3)
  A death knight (D:15)
  A centaur warrior (D:14)
  A dancing weapon (Elf:1)
  3 ogre magi
  5 orc high priests (Orc:2)
  A tengu warrior (D:13)
  A thrashing horror (Abyss:3)
  Sonja (D:15)
  3 deep elf knights
  2 sun demons
  2 unseen horrors
  A sea snake (Shoals:1)
  A torturous demonspawn (Orc:2)
  The ghost of Quirk the Cudgeler, a novice TrFi (D:6)
  A gelid demonspawn (Orc:2)
  An infernal demonspawn (Orc:2)
  A lindwurm (shapeshifter) (D:13)
  8 hill giants
  10 wizards
  9 harpies (Shoals:1)
  A wolf spider zombie (D:12)
  10 griffons
  4 hornets
  8 orc sorcerers
  17 orb spiders
  5 orc knights
  A harpy (shapeshifter) (D:15)
  12 deep elf magi
  22 wolf spiders
  16 ugly things (D:15)
  A worldbinder (Abyss:3)
  3 manticores
  7 fauns (Shoals:1)
  3 cyclopes
  18 elephants
  An apocalypse crab (Abyss:2)
  2 sirens
  A guardian serpent (shapeshifter) (D:11)
  8 black mambas
  2 smoke demons
  A water nymph (Shoals:1)
  2 ice statues (IceCv)
  4 torpor snails
  A gargoyle (D:15)
  12 spiny frogs
  A yaktaur (D:12)
  5 kobold demonologists
  9 orange demons
  A hellwing (Lair:8)
  6 rime drakes
  5 komodo dragons
  9 ice devils
  2 freezing wraiths
  An efreet (D:15)
  10 red devils
  13 demonic crawlers
  2 tengu conjurers
  A polar bear (Lair:8)
  3 trolls
  3 large abominations (Abyss:2)
  A merfolk (Shoals:1)
  32 jumping spiders
  3 two-headed ogres
  2 raiju
  A two-headed ogre (shapeshifter) (D:13)
  10 blink frogs
  A snapping turtle (Shoals:1)
  A boulder beetle (Lair:4)
  70 redbacks
  Sigmund (D:2)
  2 shadows
  76 yaks
  8 wraiths
  2 wyverns
  23 tarantellas
  A basilisk (Lair:6)
  A ynoxinul (Orc:2)
  2 fire elementals (D:13)
  2 hogs (D:15)
  Eustachio (D:4)
  A golden eye (Abyss:3)
  15 hippogriffs
  2 hungry ghosts (D:10)
  2 vampire mosquitoes (D:14)
  A chaos spawn (Abyss:2)
  Menkaure (D:4)
  Edmund (D:4)
  2 mottled dragons
  15 water moccasins
  A swamp drake (D:11)
  13 porcupines
  A porcupine (shapeshifter) (D:11)
  3 hell hounds
  A hornet simulacrum (D:15)
  27 orc warriors
  A necrophage (D:14)
  An eye of draining (D:15)
  12 ice beasts
  2 sky beasts
  A black bear (D:11)
  4 phantoms
  An eye of draining (shapeshifter) (D:15)
  An ogre (shapeshifter) (Abyss:2)
  14 centaurs
  21 ogres
  23 wolves
  25 crocodiles
  8 big kobolds
  12 giant frogs
  2 wyvern zombies
  4 scorpions
  A water moccasin skeleton (D:8)
  9 killer bees
  12 howler monkeys
  16 wights
  2 electric eels (Spider:1)
  2 centaur zombies
  11 crimson imps
  5 starcursed masses (Abyss:3)
  3 giant frog zombies
  4 hounds
  30 orc priests
  A giant frog skeleton (D:9)
  4 jellies
  Crazy Yiuf (D:2)
  23 orc wizards
  A centaur skeleton (D:7)
  Natasha (thrice) (D:2)
  17 worker ants
  17 iguanas
  2 hell rats (Lair:4)
  Ijyb (D:2)
  A killer bee zombie (D:11)
  3 sheep
  2 hound zombies
  A worker ant zombie (D:5)
  Robin (D:4)
  8 gnolls
  13 adders
  151 river rats
  4 shadow imps
  7 white imps (IceCv)
  7 ufetubi (IceCv)
  An adder skeleton (D:6)
  2 worms
  2 dart slugs
  2 giant geckos
  106 orcs
  2 bats (D:1)
  4 giant cockroaches
  17 goblins
  16 hobgoblins
  19 jackals
  20 kobolds
  4 quokkas
  2 ball pythons (D:2)
  A giant newt (D:5)
  A jackal skeleton (D:6)
  18 rats
  A lurking horror (Abyss:3)
  A plant (Shoals:1)
1383 creatures vanquished.

Vanquished Creatures (collateral kills)
  A thrashing horror (Abyss:3)
  A wretched star (Abyss:3)
  A cyclops (D:11)
  A smoke demon (Orc:2)
  An orange demon (Abyss:2)
  A raiju (Abyss:3)
  A chaos spawn (Abyss:2)
  A neqoxec (Abyss:2)
  4 orc warriors (Orc:2)
  An orc priest (Orc:2)
  3 orcs (Orc:2)
16 creatures vanquished.

Vanquished Creatures (others)
  A wizard (D:12)
  A moth of wrath (Spider:3)
  2 jumping spiders (Spider:3)
  A redback (Spider:3)
  2 tarantellas
  3 humans (D:15)
  2 white imps (IceCv)
  An ufetubus (IceCv)
  2 orcs (D:11)
  48 fungi
  29 plants
  6 starspawn tentacles (Abyss:2)
  4 starspawn tentacle segments (Abyss:2)
102 creatures vanquished.

Grand Total: 1501 creatures vanquished

Notes
Turn   | Place    | Note
--------------------------------------------------------------
     0 | D:1      | Jerry the Minotaur Berserker began the quest for the Orb.
     0 | D:1      | Reached XP level 1. HP: 19/19 MP: 0/0
   263 | D:1      | Reached XP level 2. HP: 27/27 MP: 1/1
   563 | D:2      | Reached XP level 3. HP: 21/33 MP: 2/2
   695 | D:2      | Noticed Ijyb
   704 | D:2      | Killed Ijyb
   774 | D:2      | Reached XP level 4. HP: 41/41 MP: 3/3
   779 | D:2      | Reached ** piety under Trog
   841 | D:2      | Noticed Natasha
   847 | D:2      | Killed Natasha
  1102 | D:2      | Noticed Natasha
  1109 | D:2      | Killed Natasha
  1109 | D:2      | Reached skill level 5 in Fighting
  1109 | D:2      | Reached XP level 5. HP: 48/48 MP: 4/4
  1184 | D:2      | Noticed Crazy Yiuf
  1188 | D:2      | Killed Crazy Yiuf
  1188 | D:2      | Reached skill level 5 in Maces & Flails
  1266 | D:2      | Noticed Sigmund
  1272 | D:2      | Killed Sigmund
  1272 | D:2      | Reached skill level 5 in Armour
  1272 | D:2      | Reached XP level 6. HP: 56/56 MP: 5/5
  1331 | D:2      | Noticed Natasha
  1341 | D:2      | Killed Natasha
  2238 | D:4      | Noticed Edmund
  2245 | D:4      | Killed Edmund
  2245 | D:4      | Reached XP level 7. HP: 63/63 MP: 6/6
  2300 | D:4      | Noticed Eustachio
  2306 | D:4      | Killed Eustachio
  2306 | D:4      | Reached *** piety under Trog
  2501 | D:4      | Noticed Menkaure
  2508 | D:4      | Killed Menkaure
  2562 | D:4      | Received a gift from Trog
  2709 | D:4      | Found Wusiol's Jewellery Emporium.
  2746 | D:4      | Noticed Robin
  2759 | D:4      | Killed Robin
  2815 | D:4      | Reached **** piety under Trog
  2818 | D:4      | Reached XP level 8. HP: 73/73 MP: 7/7
  3201 | D:5      | Entered Level 5 of the Dungeon
  3288 | D:5      | Found a sparkling altar of Nemelex Xobeh.
  4058 | D:5      | Reached ***** piety under Trog
  4340 | D:6      | Reached XP level 9. HP: 83/83 MP: 8/8
  4383 | D:6      | Noticed Quirk's ghost (novice TrFi)
  4415 | D:6      | Killed Quirk's ghost
  4575 | D:6      | Found a staircase to the Ecumenical Temple.
  4858 | D:6      | Reached skill level 10 in Fighting
  5281 | D:7      | Reached skill level 10 in Maces & Flails
  5412 | D:7      | Reached skill level 10 in Armour
  5694 | D:7      | Received a gift from Trog
  6087 | D:8      | Reached XP level 10. HP: 94/94 MP: 9/9
  6143 | D:8      | Identified the Incunabulum of Supportive Orientation
  6639 | D:8      | Found an oddly glowing altar of Pakellas.
  6641 | D:8      | Found a sacrificial altar of Ru.
  7156 | D:9      | Received a gift from Trog
  7446 | D:10     | Entered Level 10 of the Dungeon
  7465 | D:10     | Noticed a spiny frog
  7506 | D:9      | Killed a spiny frog
  7636 | D:10     | Noticed a hill giant
  7645 | D:10     | Killed a hill giant
  7757 | D:10     | Found a staircase to the Lair.
  8041 | D:10     | Found Rall's Assorted Antiques.
  8046 | D:10     | Bought a scintillating bronze ring for 110 gold pieces
  8046 | D:10     | Identified the ring of the Genius {Ice rPois MR+ Dex+3} (You bought it in a shop on level 10 of the Dungeon)
  8060 | D:10     | Reached ****** piety under Trog
  8131 | D:10     | Found a blossoming altar of Fedhas.
  8224 | D:10     | You fall through a shaft!
  8259 | D:11     | Reached XP level 11. HP: 104/104 MP: 10/10
  8448 | D:11     | Found a staircase to the Orcish Mines.
  8578 | D:11     | Noticed a fire crab
  8729 | D:11     | HP: 5/107 [cyclops/large rock (23)]
  8831 | D:11     | Found a frozen archway.
  8847 | IceCv    | Entered an ice cave
 10262 | D:11     | Noticed a hill giant
 10272 | D:11     | Killed a hill giant
 10272 | D:11     | Reached XP level 12. HP: 116/116 MP: 11/11
 10541 | Lair:1   | Entered Level 1 of the Lair of Beasts
 10554 | Lair:1   | Received a gift from Trog
 11789 | Lair:2   | Noticed bosm's ghost (journeyman DsWz)
 11799 | Lair:2   | Killed bosm's ghost
 12209 | Lair:2   | Noticed Erica
 12229 | Lair:2   | Killed Erica
 12441 | Lair:2   | Received a gift from Trog
 13351 | Lair:3   | Reached skill level 15 in Fighting
 13380 | Lair:3   | Noticed a four-headed hydra
 13390 | Lair:3   | Killed a four-headed hydra
 13458 | Lair:3   | Reached XP level 13. HP: 87/126 MP: 12/12
 13619 | Lair:3   | Found a staircase to the Shoals.
 13845 | Lair:3   | Noticed Azru's ghost (journeyman OgAK)
 13965 | Lair:3   | Received a gift from Trog
 13966 | Lair:3   | Reached skill level 15 in Armour
 15209 | Lair:4   | Reached skill level 15 in Maces & Flails
 15763 | Lair:4   | Received a gift from Trog
 15774 | Lair:4   | Noticed Rupert
 15794 | Lair:4   | Killed Rupert
 17002 | Lair:6   | Found a hole to the Spider Nest.
 17292 | Spider:1 | Entered Level 1 of the Spider Nest
 17292 | Spider:1 | Noticed Aizul
 17726 | Lair:7   | Reached XP level 14. HP: 123/138 MP: 13/13
 17791 | Lair:7   | Noticed Josephine
 17801 | Lair:7   | Killed Josephine
 17887 | Lair:7   | Received a gift from Trog
 18766 | Lair:8   | Entered Level 8 of the Lair of Beasts
 19074 | Lair:8   | Noticed an azure jelly
 19074 | Lair:8   | Found a viscous altar of Jiyva.
 19083 | Lair:8   | Killed an azure jelly
 19518 | Lair:8   | Cast into level 3 of the Abyss (a wizard)
 19557 | Abyss:3  | Received a gift from Trog
 19714 | Abyss:3  | Noticed a starcursed mass
 19783 | Abyss:3  | Noticed a purple very ugly thing
 19783 | Abyss:3  | Noticed a purple very ugly thing
 19783 | Abyss:3  | Noticed a purple very ugly thing
 19783 | Abyss:3  | Noticed a purple very ugly thing
 19785 | Abyss:3  | Noticed a purple very ugly thing
 19792 | Abyss:3  | Killed a purple very ugly thing
 19800 | Abyss:3  | Killed a purple very ugly thing
 19805 | Abyss:3  | Killed a purple very ugly thing
 19806 | Abyss:3  | Noticed a purple very ugly thing
 19811 | Abyss:3  | Killed a brown very ugly thing
 19823 | Abyss:3  | Killed a purple very ugly thing
 19825 | Lair:8   | Escaped the Abyss
 20171 | Lair:8   | Found a burning altar of Makhleb.
 20222 | Lair:8   | Reached XP level 15. HP: 122/148 MP: 14/14
 20424 | Lair:8   | Found a gateway to Hell.
 20444 | Lair:8   | Identified a +4 rod of clouds (13/13) (You found it on level 8 of the Lair of Beasts)
 21182 | Lair:8   | Noticed Maud
 21193 | Lair:8   | Killed Maud
 21382 | Lair:8   | Found a staircase to the Slime Pits.
 21787 | Lair:3   | Cast into level 2 of the Abyss (Azru's ghost)
 21787 | Abyss:2  | Found a corrupted altar of Lugonu.
 21973 | Abyss:2  | Noticed a tentacled starspawn
 21979 | Abyss:2  | Noticed a tentacled starspawn
 21987 | Abyss:2  | Killed a tentacled starspawn
 22000 | Abyss:2  | Killed a tentacled starspawn
 22048 | Lair:3   | Escaped the Abyss
 22060 | Lair:3   | Killed Azru's ghost
 22378 | D:12     | Found an opulent altar of Gozag.
 22507 | D:12     | Received a gift from Trog
 23142 | D:12     | Received a gift from Trog
 23960 | D:13     | Noticed Azrael
 23974 | D:13     | Killed Azrael
 24244 | D:13     | Reached XP level 16. HP: 125/160 MP: 15/15
 24256 | D:13     | Found a gate to the Vaults.
 25848 | D:15     | Entered Level 15 of the Dungeon
 25882 | D:15     | Noticed Louise
 25887 | D:15     | Received a gift from Trog
 25902 | D:15     | Killed Louise
 26319 | D:15     | Found Qodgh's Magic Scroll Shoppe.
 27112 | D:15     | Noticed Kirke
 27136 | D:15     | Killed Kirke
 27212 | D:15     | Noticed Sonja
 27436 | D:15     | Found a staircase to the Depths.
 27590 | D:15     | Received a gift from Trog
 27774 | D:15     | Killed Sonja
 28032 | Orc:1    | Entered Level 1 of the Orcish Mines
 28200 | Orc:2    | Entered Level 2 of the Orcish Mines
 28336 | Orc:2    | Found Net Buck's Antique Weapon Shop.
 28350 | Orc:2    | Bought a bloodstained mace for 168 gold pieces
 28350 | Orc:2    | Identified the cursed +0 mace "Paecaik" {venom, MP+9 Int+2 Dex-3 SInv} (You bought it in a shop on level 2 of the Orcish Mines)
 28455 | Orc:2    | Found a staircase to the Elven Halls.
 28495 | Orc:2    | Found Esecve's Magic Scroll Shop.
 28497 | Orc:2    | Found Peful's General Store.
 28818 | Orc:2    | Bought the +11 morningstar "Eos" {elec, -Tele rElec SInv} for 1008 gold pieces
 29558 | Orc:2    | Found Caizir's Antique Armour Shoppe.
 29558 | Orc:2    | Found Xammolil's Book Emporium.
 29558 | Orc:2    | Found a one-way gate leading to the halls of Pandemonium.
 29572 | Orc:2    | Bought a transparent plate armour for 952 gold pieces
 29582 | Orc:2    | Identified the +2 plate armour of Pride {-Tele Int+5} (You bought it in a shop on level 2 of the Orcish Mines)
 29807 | Orc:2    | Reached XP level 17. HP: 166/170 MP: 16/16
 29859 | Orc:2    | Identified Sif Muna's Reference Book on Shifting Creation
 29938 | Elf:1    | Entered Level 1 of the Elven Halls
 29950 | Elf:1    | Received a gift from Trog
 29952 | Elf:1    | Noticed Agnes
 29960 | Elf:1    | Killed Agnes
 30263 | Elf:1    | Identified the Volume of the Entourage
 30473 | Shoals:1 | Entered Level 1 of the Shoals
 30583 | Shoals:1 | Found a deep blue altar of Sif Muna.
 31369 | Shoals:1 | Received a gift from Trog
 31833 | Spider:1 | Killed Aizul
 31833 | Spider:1 | Reached skill level 1 in Shields
 32404 | Spider:1 | Reached skill level 5 in Shields
 33559 | Spider:2 | Received a gift from Trog
 33560 | Spider:2 | Got a smoking longbow {god gift}
 33820 | Spider:3 | Noticed dracos369's ghost (adept NaFi)
 33841 | Spider:3 | Killed dracos369's ghost
 34783 | Spider:3 | Reached skill level 10 in Shields
 36525 | Spider:3 | Reached XP level 18. HP: 180/180 MP: 17/17
 36690 | Spider:4 | Entered Level 4 of the Spider Nest
 38243 | Spider:4 | HP: 2/180 [redback (10)]
 38244 | Spider:4 | Mangled by a redback

Skill      XL: |  1  2  3  4  5  6  7  8  9 10 11 12 13 14 15 16 17 18 |
---------------+-------------------------------------------------------+-----
Fighting       | 4 5 6 7 9 10 12 13 15 16 17 19 20 | 20.8
Maces & Flails | 4 5 6 7 8 10 11 13 14 16 17 18 20 | 20.7
Armour         | 3 4 5 6 8 10 11 13 14 16 17 18 20 | 20.6
Shields        | 11 12 | 12.4
Dodging        | |  2.2

Action                   |  1- 3 |  4- 6 |  7- 9 | 10-12 | 13-15 | 16-18 || total
-------------------------+-------+-------+-------+-------+-------+-------++-------
Melee: Mace              |    45 |    78 |       |       |       |    16 ||   139
       Headbutt          |     5 |    15 |    56 |   226 |   425 |   328 ||  1055
       Flail             |       |     6 |   370 |   978 |   105 |       ||  1459
       Lajatang          |       |       |       |    35 |       |       ||    35
       Dire flail        |       |       |       |       |  1402 |   556 ||  1958
       Morningstar       |       |       |       |       |       |   740 ||   740
Throw: Tomahawk          |       |       |     7 |     2 |     2 |       ||    11
Invok: Berserk           |     2 |     5 |    12 |    12 |    17 |    13 ||    61
       Trog's Hand       |       |       |     2 |     4 |    14 |    25 ||    45
       Brothers in Arms  |       |       |       |     1 |     7 |     6 ||    14
       Burn Spellbooks   |       |       |       |     1 |     1 |       ||     2
Evoke: Wand              |       |       |       |       |     2 |    12 ||    14
  Use: Scroll            |       |     5 |     2 |    22 |     8 |     8 ||    45
       Potion            |       |       |       |       |     2 |    11 ||    13
  Eat: Chunk             |     1 |     4 |    23 |    39 |    43 |    45 ||   155
       Beef jerky        |       |     1 |       |     1 |     1 |     7 ||    10
       Bread ration      |       |     1 |       |       |       |       ||     1
       Pizza             |       |       |     1 |     1 |     6 |     1 ||     9
       Fruit             |       |       |       |     2 |       |     8 ||    10
       Royal jelly       |       |       |       |       |     1 |       ||     1
Armor: Ring mail         |     4 |       |       |       |       |       ||     4
       Animal skin       |     1 |       |       |       |       |       ||     1
       Chain mail        |    12 |    46 |    10 |       |       |       ||    68
       Plate armour      |       |       |   213 |   679 |   951 |  1255 ||  3098
Dodge: Dodged            |    18 |    30 |   142 |   396 |   468 |   666 ||  1720
Block: Other             |       |       |       |       |    65 |    49 ||   114
       Reflection        |       |       |       |       |     4 |     5 ||     9
       Buckler           |       |       |       |       |       |   377 ||   377
